[Event "Fagernes GM Open Autumn 2024"]
[Site "Fagernes"]
[Date "2024.10.07"]
[Round "2.22"]
[White "Kittilsen, Sigurd"]
[Black "Welling, Gerard"]
[Result "1/2-1/2"]
[ECO "C45"]
[WhiteElo "1981"]
[BlackElo "2206"]
[Annotator "RC"]
[PlyCount "116"]
[EventDate "2024.10.03"]
[EventType "swiss"]
[EventCountry "NOR"]
[SourceTitle "playchess.com"]
[Source "ChessBase"]
[SourceQuality "1"]
[TimeControl "40/6000:2400+30"]

1. e4 e5 2. Nf3 Nc6 3. d4 exd4 4. Nxd4 Nge7 5. Bc4 Nxd4 6. Qxd4 Nc6 7. Qd5 Qf6 8. Bg5 Qg6 9. O-O Ne7 10. Qd2 Nc6 11. Bf4 Bb4 12. c3 Ba5 13. Bd3 O-O 14. Na3 d6 15. Nc4 Qh5 16. Nxa5 Qxa5 17. Qe2 Ne5 18. Qh5 g6 19. Qe2 Nxd3 20. Qxd3 Be6 21. Bh6 Rfe8 22. Qd4 Qe5 23. f4 Qxd4+ 24. cxd4 f5 25. exf5 Bxf5 26. Rfe1 c6 27. Kf2 Kf7 28. Rxe8 Rxe8 29. Re1 Be6 30. a3 a5 31. Bg5 a4 32. Re4 Ra8 33. Ke1 Ra5 34. Kd2 Rb5 35. Kc1 Rd5 36. Bd8 b5 37. Bb6 Rh5 38. h3 Bd5 39. Re2 Rf5 40. g3 Bb3 41. Kd2 Be6 42. Kc3 Ke7 43. Re3 Kd7 44. h4 Rf8 45. Ba5 Ra8 46. Bb4 Rc8 47. Kd2 c5 48. dxc5 dxc5 49. Bc3 Bf5 50. Bf6 Kc6 51. Be7 Rc7 52. Re5 Rd7+ 53. Ke2 c4 54. Bb4 Rd3 55. Re3 Bg4+ 56. Kf2 Rd1 57. Re1 Rxe1 58. Bxe1 Kd5 1/2-1/2

[Event "Fagernes GM Open Autumn 2024"]
[Site "Fagernes"]
[Date "2024.10.07"]
[Round "2.23"]
[White "Sorgjerd, Jan"]
[Black "Westrum, Kim Roger Hansen"]
[Result "1/2-1/2"]
[ECO "D78"]
[WhiteElo "1966"]
[BlackElo "2205"]
[Annotator "RC"]
[PlyCount "90"]
[EventDate "2024.10.03"]
[EventType "swiss"]
[EventCountry "NOR"]
[SourceTitle "playchess.com"]
[Source "ChessBase"]
[SourceQuality "1"]
[TimeControl "40/6000:2400+30"]

1. d4 Nf6 2. c4 e6 3. Nc3 d5 4. Nf3 c6 5. Bg5 h6 6. Bxf6 Qxf6 7. cxd5 exd5 8. g3 g6 9. Bg2 Bg7 10. O-O O-O 11. h3 Qd6 12. e3 Be6 13. Rc1 Nd7 14. Na4 b6 15. Qe2 Rfc8 16. Rfd1 Qb4 17. Nc3 a5 18. Ne1 a4 19. Nd3 Qd6 20. a3 g5 21. Nb4 f5 22. Qe1 Nf6 23. Rc2 Ne4 24. f4 Ra7 25. Nd3 Kh8 26. Kh2 Bf6 27. Ne5 Kh7 28. Rdc1 Nxc3 29. Rxc3 Bxe5 30. fxe5 Qd7 31. R1c2 Bf7 32. Qc1 Be8 33. Rf2 Qe6 34. Bf1 Bg6 35. Bd3 Kg7 36. g4 Rf7 37. Bxf5 Bxf5 38. gxf5 Rxf5 39. Rxf5 Qxf5 40. Rxc6 Qf2+ 41. Kh1 Rxc6 42. Qxc6 Qf1+ 43. Kh2 Qf2+ 44. Kh1 Qf1+ 45. Kh2 Qf2+ 1/2-1/2

[Event "Fagernes GM Open Autumn 2024"]
[Site "Fagernes"]
[Date "2024.10.07"]
[Round "2.24"]
[White "Gudbrandsen, Gustav"]
[Black "Hetland, Even"]
[Result "1/2-1/2"]
[ECO "B23"]
[WhiteElo "2197"]
[BlackElo "1970"]
[Annotator "RC"]
[PlyCount "59"]
[EventDate "2024.10.03"]
[EventType "swiss"]
[EventCountry "NOR"]
[SourceTitle "playchess.com"]
[Source "ChessBase"]
[SourceQuality "1"]
[TimeControl "40/6000:2400+30"]

1. e4 c5 2. f4 Nc6 3. Nc3 d6 4. Nf3 g6 5. Bb5 Bg7 6. O-O Bd7 7. Qe2 e6 8. d3 Nge7 9. Be3 O-O 10. Qf2 a6 11. Bxc6 Nxc6 12. d4 cxd4 13. Nxd4 e5 14. Nxc6 bxc6 15. fxe5 Bxe5 16. Bh6 Bg7 17. Bxg7 Kxg7 18. Qd4+ Kg8 19. Qxd6 Qb6+ 20. Kh1 Qxb2 21. Na4 Qxc2 22. Nc5 Bg4 23. h3 Rad8 24. Qe5 Rde8 25. Qd4 Be6 26. Rf2 Qc4 27. Qxc4 Bxc4 28. Rc1 Be6 29. Nxa6 Rc8 30. Nc5 1/2-1/2

[Event "Fagernes GM Open Autumn 2024"]
[Site "Fagernes"]
[Date "2024.10.07"]
[Round "2.25"]
[White "Rustan, Elias Buschmann"]
[Black "Soham Datar"]
[Result "0-1"]
[ECO "B38"]
[WhiteElo "1941"]
[BlackElo "2188"]
[Annotator "RC"]
[PlyCount "90"]
[EventDate "2024.10.03"]
[EventType "swiss"]
[EventCountry "NOR"]
[SourceTitle "playchess.com"]
[Source "ChessBase"]
[SourceQuality "1"]
[TimeControl "40/6000:2400+30"]

1. e4 g6 2. Nf3 Bg7 3. d4 d6 4. c4 Nf6 5. Nc3 O-O 6. Be2 c5 7. h3 cxd4 8. Nxd4 Nc6 9. Be3 Bd7 10. O-O Nxd4 11. Bxd4 Bc6 12. e5 dxe5 13. Bxe5 Qa5 14. Nb5 Bxb5 15. cxb5 Rfd8 16. Qb3 Ne4 17. Bxg7 Kxg7 18. Qe3 Qb4 19. a3 Qd4 20. Qxd4+ Rxd4 21. Rfd1 Rxd1+ 22. Rxd1 Nd6 23. Rc1 Rc8 24. Rxc8 Nxc8 25. f4 f5 26. Kf2 Kf6 27. Ke3 e5 28. b3 b6 29. a4 exf4+ 30. Kxf4 g5+ 31. Ke3 Ke5 32. Bd3 h5 33. Be2 h4 34. Bc4 Ne7 35. Bf7 Nc8 36. Bc4 Nd6 37. Bd3 Ne8 38. Bc4 Nf6 39. Bf7 g4 40. hxg4 fxg4 41. Bc4 Ne4 42. Bf1 Ng3 43. Bd3 h3 44. gxh3 gxh3 45. Kf3 h2 0-1

[Event "Fagernes GM Open Autumn 2024"]
[Site "Fagernes"]
[Date "2024.10.07"]
[Round "2.26"]
[White "Sian, Shadi"]
[Black "Stromhaug, Kristoffer Wang"]
[Result "1-0"]
[ECO "D13"]
[WhiteElo "2182"]
[BlackElo "1960"]
[Annotator "RC"]
[PlyCount "65"]
[EventDate "2024.10.03"]
[EventType "swiss"]
[EventCountry "NOR"]
[SourceTitle "playchess.com"]
[Source "ChessBase"]
[SourceQuality "1"]
[TimeControl "40/6000:2400+30"]

1. c4 c6 2. d4 d5 3. cxd5 cxd5 4. Nc3 Nf6 5. Nf3 Nc6 6. Bf4 Bg4 7. e3 e6 8. Be2 Bxf3 9. Bxf3 Bd6 10. Bg5 O-O 11. O-O h6 12. Bh4 g5 13. Bg3 Bxg3 14. hxg3 Qd6 15. Qd2 Rab8 16. Rfd1 b5 17. Rac1 Rfd8 18. Qc2 Rdc8 19. Qd2 Rd8 20. Be2 a6 21. Bd3 Kg7 22. Qe2 Rbc8 23. a4 b4 24. Nb1 Nb8 25. Nd2 Rc6 26. Rxc6 Qxc6 27. Ra1 a5 28. Nb3 Qb6 29. Rc1 Nfd7 30. Bb5 f5 31. Qc2 Nf6 32. Qc7+ Nbd7 33. Nxa5 1-0

[Event "Fagernes GM Open Autumn 2024"]
[Site "Fagernes"]
[Date "2024.10.07"]
[Round "2.27"]
[White "Juodziukynas, Aidas"]
[Black "Vijayakumar, Rishi"]
[Result "0-1"]
[ECO "E05"]
[WhiteElo "1917"]
[BlackElo "2172"]
[Annotator "RC"]
[PlyCount "42"]
[EventDate "2024.10.03"]
[EventType "swiss"]
[EventCountry "NOR"]
[SourceTitle "playchess.com"]
[Source "ChessBase"]
[SourceQuality "1"]
[TimeControl "40/6000:2400+30"]

1. d4 Nf6 2. Nf3 d5 3. c4 e6 4. g3 Be7 5. Bg2 O-O 6. O-O dxc4 7. Qc2 b6 8. Ne5 Qxd4 9. Bxa8 Qxe5 10. Bf3 Nd5 11. Qxc4 Bf6 12. Nd2 Ba6 13. Qe4 Nc6 14. Qxe5 Nxe5 15. Kg2 Nxf3 16. Kxf3 Nb4 17. Ne4 Bb7 18. Bd2 Nc2 19. Rac1 Nd4+ 20. Ke3 Nf5+ 21. Kf4 e5+ 0-1

[Event "Fagernes GM Open Autumn 2024"]
[Site "Fagernes"]
[Date "2024.10.07"]
[Round "2.28"]
[White "Gasland, Lukas Dominik"]
[Black "Advaitt Srikant Koduri"]
[Result "1/2-1/2"]
[ECO "A12"]
[WhiteElo "1905"]
[BlackElo "2162"]
[Annotator "RC"]
[PlyCount "60"]
[EventDate "2024.10.03"]
[EventType "swiss"]
[EventCountry "NOR"]
[SourceTitle "playchess.com"]
[Source "ChessBase"]
[SourceQuality "1"]
[TimeControl "40/6000:2400+30"]

1. Nf3 d5 2. g3 Nf6 3. Bg2 c6 4. O-O Bf5 5. b3 e6 6. Bb2 h6 7. d3 Be7 8. Nbd2 O-O 9. c4 Nbd7 10. Qc2 Bh7 11. a3 a5 12. Rfb1 Bc5 13. b4 axb4 14. axb4 Rxa1 15. Bxa1 Bb6 16. c5 Bc7 17. Bb2 e5 18. e4 Qe7 19. Ra1 b6 20. cxb6 Bxb6 21. Qxc6 dxe4 22. dxe4 Qxb4 23. Ba3 Qa5 24. Nc4 Qa8 25. Qxa8 Rxa8 26. Nxb6 Nxb6 27. Nxe5 Bxe4 28. Bb2 Bxg2 29. Kxg2 Rxa1 30. Bxa1 Nbd5 1/2-1/2

[Event "Fagernes GM Open Autumn 2024"]
[Site "Fagernes"]
[Date "2024.10.07"]
[Round "2.29"]
[White "Kanyamarala, Trisha"]
[Black "Simonsen, David Mindestrommen"]
[Result "1/2-1/2"]
[ECO "D91"]
[WhiteElo "2160"]
[BlackElo "1930"]
[Annotator "RC"]
[PlyCount "114"]
[EventDate "2024.10.03"]
[EventType "swiss"]
[EventCountry "NOR"]
[SourceTitle "playchess.com"]
[Source "ChessBase"]
[SourceQuality "1"]
[TimeControl "40/6000:2400+30"]

1. d4 Nf6 2. c4 g6 3. Nc3 d5 4. Nf3 Bg7 5. Bg5 Ne4 6. Bf4 Nxc3 7. bxc3 dxc4 8. e3 Be6 9. Qb1 Qd5 10. Bxc7 Nd7 11. e4 Qc6 12. Bf4 Nf6 13. Nd2 b5 14. Be5 Rd8 15. Be2 Bh6 16. f4 O-O 17. O-O Bg4 18. d5 Qe8 19. Nf3 Nd7 20. Bd4 Bxf4 21. Qxb5 Nf6 22. Qxc4 Nxe4 23. Bxa7 Bf5 24. Nh4 Rc8 25. Qa6 Bd6 26. Nxf5 gxf5 27. Rxf5 Qd7 28. Bg4 Qc7 29. Bf2 Bxh2+ 30. Kh1 Be5 31. Qd3 Qxc3 32. Qxc3 Rxc3 33. Be1 Ng3+ 34. Bxg3 Bxg3 35. Rf3 Be5 36. Rxc3 Bxc3 37. Rc1 Be5 38. a4 Rd8 39. Bf3 Bf4 40. Ra1 Rc8 41. Kg1 Rc1+ 42. Rxc1 Bxc1 43. Kf2 Kf8 44. Ke2 Ke8 45. Bh5 Kd7 46. Bxf7 Kc7 47. Kd3 Kb6 48. Ke4 h6 49. Kf5 Ka5 50. Be8 Bg5 51. Ke6 Kb6 52. Kd7 Ka5 53. Kc7 Bf4+ 54. Kb7 Be3 55. g4 Bf4 56. Bb5 Bg5 57. Kc6 Bh4 1/2-1/2

[Event "Fagernes GM Open Autumn 2024"]
[Site "Fagernes"]
[Date "2024.10.07"]
[Round "2.30"]
[White "Gaikwad, Siddhant"]
[Black "Lien, Sebastian"]
[Result "1-0"]
[ECO "C43"]
[WhiteElo "2039"]
[BlackElo "1911"]
[Annotator "RC"]
[PlyCount "46"]
[EventDate "2024.10.03"]
[EventType "swiss"]
[EventCountry "NOR"]
[SourceTitle "playchess.com"]
[Source "ChessBase"]
[SourceQuality "1"]
[TimeControl "40/6000:2400+30"]

1. e4 e5 2. Nf3 Nf6 3. d4 Nxe4 4. Bd3 d5 5. Nxe5 Nd7 6. O-O Bd6 7. Bxe4 dxe4 8. f4 exf3 9. Nxf3 O-O 10. Nc3 Nb6 11. Qd3 h6 12. b3 Bg4 13. Nb5 c5 14. Nxd6 Qxd6 15. Ba3 Rac8 16. Bxc5 Rxc5 17. dxc5 Qxc5+ 18. Qd4 Qc8 19. c4 Rd8 20. Qf4 Be6 21. Rad1 Re8 22. Nd4 a5 23. Nxe6 Qxe6 1-0

[Event "Fagernes GM Open Autumn 2024"]
[Site "Fagernes"]
[Date "2024.10.08"]
[Round "3.1"]
[White "Kvaloy, Aksel Bu"]
[Black "Urkedal, Frode Olav Olsen"]
[Result "1/2-1/2"]
[ECO "E11"]
[WhiteElo "2484"]
[BlackElo "2559"]
[Annotator "TA"]
[PlyCount "88"]
[EventDate "2024.10.03"]
[EventType "swiss"]
[EventCountry "NOR"]
[SourceTitle "playchess.com"]
[Source "ChessBase"]
[SourceQuality "1"]
[TimeControl "40/6000:2400+30"]

1. d4 Nf6 2. c4 e6 3. g3 d5 4. Bg2 Bb4+ 5. Bd2 Be7 6. Nf3 c6 7. Qc2 Nbd7 8. O-O O-O 9. Bf4 b6 10. Nc3 Ba6 11. cxd5 cxd5 {[%emt 0:00:00] White has an edge.} 12. Rfc1 Qe8 13. Bf1 h6 14. Qa4 Nb8 15. Qxe8 Rxe8 16. a4 Nc6 17. Nb5 Bxb5 18. axb5 Na5 19. Ra4 Ne4 20. b4 Nc4 21. Ne5 Nxe5 (21... g5 22. Nxc4 gxf4 23. Ne5 $14) 22. Bxe5 f6 23. Bc7 Rec8 24. Rc6 {[%emt 0:01:46][%cal Of1h3] Inhibits Bd6.} Kf7 25. f3 Nd2 26. Bh3 f5 27. Bf4 (27. g4 $11 {feels stronger.} g6 28. Kf2) 27... Rxc6 $1 $15 28. bxc6 b5 29. Ra6 Bxb4 30. g4 g6 (30... Bc3 $15 31. Kh1 (31. gxf5 Bxd4+ 32. Kg2 Nc4 $17) 31... Nc4 32. gxf5 Bxd4 33. fxe6+ Ke7) 31. gxf5 $11 {[%emt 0:00:52] The position is equal.} gxf5 32. c7 {[%emt 0:00:43][%cal Oa6a7] [#] Threatens to win with Rxa7!} (32. Bxh6 Bc3 33. Bxd2 Bxd2) 32... Rc8 33. Kf2 (33. Rxa7 Nc4 $15) 33... Nc4 34. e4 {[%emt 0:00:24] And now exd5 would win.} ({Reject} 34. Rxa7 Bd6 35. Kg3 (35. Bxh6 $2 b4 $19) 35... b4 $17) 34... Bc3 $1 {[%emt 0:00:20] [#]} 35. Rxe6 $1 Bxd4+ (35... Rxc7 {simplifies} 36. Bxf5 Re7 37. Rxh6 Bxd4+ 38. Ke2 Bf6) 36. Ke2 Rxc7 (36... Kxe6 $2 {too greedy.} 37. Bxf5+ (37. exf5+ $2 Kf6 $19) 37... Kf6 38. Bxc8 $18) 37. Bxf5 {[%emt 0:00:00] This pair of bishops is nice.} Re7 38. exd5 {[%emt 0:00:59] Black must now prevent Bg6+.} Rxe6+ 39. dxe6+ {[%emt 0:01:47][%mdl 4096] Endgame. KBB-KBN} Kf6 40. Be4 Kxe6 41. Bxh6 a5 42. Bc6 Nd6 43. Bf8 b4 44. Bxd6 Kxd6 {[%emt 0:00:06] Weighted Error Value: White=0.05 (flawless) /Black=0.05 (flawless) .  Mistake:       	White=1     	Black=1      Inaccurate:     	White=1     	Black=1      OK:         	White=15    	Black=18     Best:        	White=1     	Black=3      Strong:       	---       	Black=2} 1/2-1/2

[Event "Fagernes GM Open Autumn 2024"]
[Site "Fagernes"]
[Date "2024.10.08"]
[Round "3.2"]
[White "Wallace, John Paul"]
[Black "Raja Rithvik R"]
[Result "0-1"]
[ECO "D35"]
[WhiteElo "2373"]
[BlackElo "2514"]
[Annotator "TA"]
[PlyCount "80"]
[EventDate "2024.10.03"]
[EventType "swiss"]
[EventCountry "NOR"]
[SourceTitle "playchess.com"]
[Source "ChessBase"]
[SourceQuality "1"]
[TimeControl "40/6000:2400+30"]

1. c4 e6 2. Nc3 d5 3. d4 Nf6 4. cxd5 exd5 5. Bg5 Bb4 6. e3 h6 7. Bf4 Bf5 8. Nge2 O-O 9. Ng3 {[%emt 0:02:13] The position is equal.} Bh7 10. Bd3 Bxd3 11. Qxd3 Bd6 (11... Re8 $11) 12. Bxd6 Qxd6 13. O-O Re8 14. Rac1 c6 {[%emt 0:04:32] Prevents Nb5.} 15. f3 Nbd7 16. e4 dxe4 17. fxe4 {[%emt 0:00:00] Hoping for Nf5.} Nc5 $1 18. Qc4 Ncxe4 19. Ncxe4 Nxe4 20. Qxf7+ Kh8 21. Nf5 (21. Qxb7 $2 Qxd4+ 22. Kh1 Nf2+ 23. Rxf2 Qxf2 $19) 21... Qf6 22. Qxb7 Nd2 $2 (22... Rab8 $14 23. Qd7 (23. Qxa7 Rxb2 24. Qd7 Rf8 $11) (23. Qxc6 Qxc6 24. Rxc6 Rxb2 $14) 23... Red8) 23. Rf2 $18 Ne4 24. Rff1 (24. Rxc6 $18 Qf8 25. Rf4) 24... Nd2 $1 $14 {[%emt 0:00:00] Strongly threatening ...Reb8.} 25. Rf2 $2 (25. Rxc6 $14 Qf8 26. Rc7 (26. Rf4 Re1+ 27. Kf2 Rae8 $11)) 25... Ne4 $1 $18 26. Rxc6 Rab8 27. Qxa7 Qf8 28. Rf4 (28. Rf1 $18 Ra8 29. Qb6) 28... Rxb2 $40 {[%emt 0:00:00][%mdl 128] White needs to defend precisely.} 29. h3 (29. Rb6 $11 Rc2 30. Rf1) 29... Ng3 $17 {[%emt 0:00:37] Some like it hot} 30. Nxg3 {[%emt 0:03:48] [#]} (30. Kh2 $17 {was the only defense.} Nxf5 31. Rg6) 30... Re1+ $1 $19 (30... Qxf4 31. Qxg7+ Kxg7 32. Nh5+ Kh7 33. Nxf4 $19) 31. Kh2 Qxf4 32. Rc8+ (32. Qa5 {is a better defense.} Ree2 33. Qd5 Rxg2+ (33... Rxa2 $2 {is the wrong capture.} 34. Rc8+ Kh7 35. Qg8+ Kg6 36. Rc6+ $18) 34. Qxg2 Rxg2+ 35. Kxg2 Qd2+ (35... Qxd4 $2 36. Rc8+ Kh7 37. Rc2 $19) 36. Kf1) 32... Kh7 33. Qa8 (33. Qa5 $142 Rg1 34. Qd5 Rgxg2+ 35. Qxg2 Rxg2+ 36. Kxg2 Qd2+ (36... Qxd4 $2 37. Rc2 $19) 37. Kf3) 33... Qxd4 34. Rh8+ Kg6 35. Rxh6+ gxh6 36. Qg8+ Qg7 37. Qd5 Qe5 38. Qg8+ {[%emt 0:00:10] [#]} Kf6 $1 {[%emt 0:00:00] ( -> ...Rbb1)} 39. Qf8+ Ke6 40. Qe8+ Kd5 {[%emt 0:00:00] Weighted Error Value: White=0.84/Black=0.12 (very precise) .  Loses game:     	White=1     	Black=1      Missed win:     	White=2     	---        Mistake:       	White=4     	Black=1      Inaccurate:     	White=3     	Black=1      OK:         	White=8     	Black=4      Best:        	White=4     	Black=5      Strong:       	---       	Black=4} 0-1

[Event "Fagernes GM Open Autumn 2024"]
[Site "Fagernes"]
[Date "2024.10.08"]
[Round "3.3"]
[White "Ghasi, Ameet K"]
[Black "Mitusov, Semen"]
[Result "1/2-1/2"]
[ECO "A10"]
[WhiteElo "2503"]
[BlackElo "2486"]
[Annotator "TA"]
[PlyCount "75"]
[EventDate "2024.10.03"]
[EventType "swiss"]
[EventCountry "NOR"]
[SourceTitle "playchess.com"]
[Source "ChessBase"]
[SourceQuality "1"]
[TimeControl "40/6000:2400+30"]

1. c4 f5 2. g3 Nf6 3. Bg2 g6 4. Nc3 Bg7 5. Rb1 O-O 6. b4 e5 7. d3 c6 8. b5 Kh8 (8... d5 $11) 9. e3 d5 10. bxc6 bxc6 11. cxd5 cxd5 12. Nge2 Nc6 13. O-O Be6 14. Ba3 Rf7 15. Qa4 Rc8 16. Nb5 Bf8 {[%emt 0:19:22] Dodges Nd6} 17. Bxf8 Qxf8 18. Qa6 {[%emt 0:00:55] Prevents Rb7.} Bd7 19. Rfc1 {[%emt 0:02:00][%cal Od3d4] White is much more active.} (19. Nxa7 $2 Ra8 $19) 19... Kg7 20. a3 (20. Nxa7 Ra8 21. Rxc6 (21. Rb7 Be8 $17) 21... Bxc6 22. Qxc6 Raxa7 $17) 20... e4 21. d4 ({Of course not} 21. Nxa7 Ra8 22. Rxc6 (22. Rb7 exd3 23. Nf4 d2 $19) 22... Bxc6 23. Qxc6 Raxa7 $17 (23... Rfxa7 24. dxe4 dxe4 25. Qb6 $17)) 21... Nb8 22. Rxc8 (22. Qxa7 $2 {is the wrong capture.} Bxb5 23. Rxc8 Qxc8 $19 (23... Rxa7 $2 {too greedy.} 24. Rxf8 Kxf8 25. Rxb5 $18)) 22... Bxc8 23. Qa5 Nc6 24. Qc3 Bd7 {[%emt 0:00:38] [#] White must now prevent ...a6.} 25. Qc5 Qxc5 26. dxc5 Rf8 $1 27. Nbd4 Rb8 {[%emt 0:00:00] Against Rb7} 28. Rxb8 Nxb8 29. Nc3 Bc6 30. Bf1 {[%emt 0:02:40] And now Bb5 would win.} Kf7 31. Be2 Ke7 32. f4 exf3 33. Bxf3 Kd7 34. Kf2 Na6 35. Nb3 Nc7 36. Nd4 Na6 37. Nb3 Nc7 38. Nd4 {[%emt 0:00:33] Weighted Error Value: White=0.08 (flawless) /Black=0.09 (flawless) .  Mistake:       	---       	Black=1      Inaccurate:     	White=3     	---        OK:         	White=16    	Black=13     Best:        	White=1     	Black=1      Strong:       	---       	Black=1} 1/2-1/2

[Event "Fagernes GM Open Autumn 2024"]
[Site "Fagernes"]
[Date "2024.10.08"]
[Round "3.4"]
[White "Jumabayev, Rinat"]
[Black "Aizenberg, Benny"]
[Result "1-0"]
[ECO "B45"]
[WhiteElo "2577"]
[BlackElo "2423"]
[Annotator "TA"]
[PlyCount "107"]
[EventDate "2024.10.03"]
[EventType "swiss"]
[EventCountry "NOR"]
[SourceTitle "playchess.com"]
[Source "ChessBase"]
[SourceQuality "1"]
[TimeControl "40/6000:2400+30"]

1. e4 c5 2. Nf3 e6 3. d4 cxd4 4. Nxd4 Nf6 5. Nc3 Nc6 6. a3 Be7 7. Be3 O-O 8. Qf3 Ne5 9. Qh3 Neg4 10. Be2 Nxe3 11. Qxe3 d6 12. O-O-O e5 13. Nf5 Bxf5 14. exf5 Rc8 15. Kb1 (15. Qxa7 d5 16. f3 d4 $15) 15... Qa5 16. Bf3 e4 (16... b5 $14) 17. Nxe4 $16 (17. Bxe4 $6 Rxc3 18. bxc3 d5 19. Bxd5 Nxd5 20. Rxd5 Qxd5 21. Qxe7 Qxg2 $11) 17... Nxe4 18. Bxe4 Bf6 19. Rd5 b5 20. Qb3 (20. Rxd6 b4 $16) 20... Rb8 21. Rhd1 Rfd8 22. Qb4 Qb6 23. Rxd6 Rxd6 24. Rxd6 (24. Qxd6 $2 Rd8 $19) 24... Qxf2 25. Rd7 (25. Ka2 $16) 25... Rc8 (25... a5 $1 $14 26. Qd2 (26. Qxa5 $2 Qf1+ 27. Ka2 Qc4+ 28. Kb1 Qxe4 $19) 26... Qf1+ 27. Qc1 Qf2) 26. Ka2 $1 $18 (26. Qxb5 $2 Qe1+ 27. Ka2 Qxe4 $19) 26... a6 27. Qb3 Rf8 28. Qd5 h6 29. Rd6 Qa7 30. Qc6 Qe7 31. Qd5 $2 (31. Rd7 $18 Qe5 32. c3) 31... a5 $2 (31... Qa7 $1 $11 {and Black has nothing to worry.}) 32. Rd7 $18 Qe8 33. Bd3 b4 {[%emt 0:00:15] [#]} 34. a4 $1 Qe1 35. Qb3 (35. Qxa5 $2 b3+ 36. Kxb3 Qxa5 $19) 35... Qf2 36. Be4 Qf4 (36... Kh7 $16 37. Rb7 (37. Rxf7 Rxf7 38. Qxf7 Qd4 $11) 37... Qf4) 37. Bd5 $18 Qxf5 38. Bxf7+ (38. Rxf7 $6 Rxf7 39. Bxf7+ Kf8 $14) 38... Kh8 39. Rd5 Qf2 (39... Qc8 {keeps fighting.}) 40. Rxa5 $18 Qxg2 41. Bd5 (41. Qxb4 $2 Rxf7 42. Qc4 Rf8 $17) 41... Qd2 42. Rb5 Be7 43. a5 Qxh2 44. a6 Qg1 (44... Qc7 $142 45. Qa4 Qa7) 45. Qc4 $18 b3+ 46. Kxb3 Qa1 47. Qa4 Qb1 48. a7 Bf6 49. Qa3 (49. a8=B $2 {is a self mate.} Qxb2+ 50. Kc4 Qc3#) 49... Rc8 50. Rc5 (50. a8=B Rc3+ (50... Rxc2 51. Qf8+ Kh7 52. Qg8+ Kg6 53. Bf7#) 51. Kb4 Rxa3 52. Kxa3 Be5 $19 (52... Qxc2 $2 53. Rb8+ Kh7 54. Be4+ $18)) 50... Rxc5 51. a8=Q+ Kh7 52. Bg8+ Kg6 53. Qe8+ Kf5 54. Qxc5+ 1-0

[Event "Fagernes GM Open Autumn 2024"]
[Site "Fagernes"]
[Date "2024.10.08"]
[Round "3.5"]
[White "Sasikiran, Krishnan"]
[Black "Moksh Amit Doshi"]
[Result "1/2-1/2"]
[ECO "C88"]
[WhiteElo "2571"]
[BlackElo "2377"]
[Annotator "TA"]
[PlyCount "60"]
[EventDate "2024.10.03"]
[EventType "swiss"]
[EventCountry "NOR"]
[SourceTitle "playchess.com"]
[Source "ChessBase"]
[SourceQuality "1"]
[TimeControl "40/6000:2400+30"]

1. e4 e5 2. Nf3 Nc6 3. Bb5 a6 4. Ba4 Nf6 5. O-O Be7 6. Re1 b5 7. Bb3 O-O 8. a4 Rb8 9. d3 d6 10. Nbd2 Na5 11. Ba2 c5 12. h3 h6 13. Nf1 Re8 14. Ne3 Bf8 15. Nh2 Nc6 16. Nhg4 Nxg4 17. hxg4 Be6 18. c3 b4 19. Bc4 Bxc4 20. dxc4 bxc3 21. bxc3 Qd7 22. a5 Be7 23. Nf5 Bd8 (23... Nd8 $11) 24. Re3 (24. Qxd6 Qxd6 25. Nxd6 Re6 $11) (24. Nxd6 {vereinfacht} Re6 25. Nf5 Qxd1 26. Rxd1 Rb3 27. Rd3) 24... Nxa5 ({Vorzuziehen ist} 24... Re6 $14) 25. g5 {[%emt 0:12:40] Weiß steht aktiver.} (25. Rh3 $16 {[%cal Oc1h6] Zielt auf Bxh6! ab.} Re6 26. g5) 25... Nb3 $1 $14 {[%emt 0:11:41] [#]} (25... hxg5 $2 26. Qh5 Re6 27. Rh3 $18) 26. gxh6 $1 g6 (26... Nxa1 27. hxg7 Bf6 28. Rg3 $18) 27. Rb1 (27. Qxd6 $2 Qxd6 28. Nxd6 Nxa1 $19 (28... Re6 $2 29. Rxa6 Be7 30. Rh3 $19)) 27... gxf5 28. exf5 Qxf5 ({Vergiftet wäre} 28... Bg5 $2 29. Rg3 (29. Rxb3 Rxb3 30. Rg3 Rb1 $15) 29... Nxc1 30. Rxg5+ Kh8 31. Rxb8 (31. Rxc1 Qe7 $16) (31. Qxc1 f6 $11) 31... Rxb8 32. Qg4 $18 (32. Qxc1 f6 $11) (32. Qxc1 f6 $11)) (28... Kh8 $5 29. Rh3 (29. Rxb3 Rxb3 30. Qxb3 Bg5 $15) 29... Qa4 $11 (29... Qxf5 30. Rxb3 Rxb3 31. Qxb3 $11)) 29. Rxb3 Rxb3 30. Qxb3 Kh8 {[%emt 0:05:18] Gewichteter Fehlerwert: Weiß=0.23 (präzise) /Schwarz=0.16 (sehr präzise) .  Fehler:       	Weiß=1     	Schwarz=2     Ungenau:       	Weiß=4     	Schwarz=2     OK:         	Weiß=4     	Schwarz=7     Stark:        	---       	Schwarz=1} 1/2-1/2